 Dungeon Crawl Stone Soup version 0.30-a0-972-gf3ab3527aa (webtiles) character file.

Game seed: 6872762117215428385

37 DeathPants the Caller (level 3, -1/18 HPs)
             Began as a Vine Stalker Summoner on Mar 31, 2023.
             Slain by Grinder (3 damage)
             ... while paralysed by Grinder
             ... on level 3 of the Dungeon.
             The game lasted 00:05:36 (1524 turns).

DeathPants the Caller (Vine Stalker Summoner)       Turns: 1524, Time: 00:05:37

Health: -1/18      AC:  9    Str: 10    XL:     3   Next: 39%
Magic:  0/8        EV:  2    Int: 23    God:
Gold:   78         SH:  0    Dex: 16    Spells: 1/7 levels left

rFire   + . .      SeeInvis .    b - +1 long sword (protect)
rCold   . . .      Faith    .    (no shield)
rNeg    . . .      Spirit   +    u - +3 ring mail "Ybbomierch" {Drain Int+8}
rPois   .          Reflect  .    (no helmet)
rElec   .          Rampage  .    s - +0 cloak
rCorr   .                        (no gloves)
Will    .....                    (no boots)
Stlth   ++                       (no amulet)
HPRegen 0.23/turn                q - ring of protection from fire
MPRegen 0.11/turn                (no ring)

@: paralysed
A: fangs 2, magic shield, antimagic bite, no potion heal 2
a: no special abilities


You were on level 3 of the Dungeon.
You visited 1 branch of the dungeon, and saw 3 of its levels.

You collected 78 gold pieces.

Inventory:

Hand Weapons
 a - a +0 dagger of flaming
 b - a +1 long sword of protection (weapon)
Missiles
 c - 3 boomerangs
Armour
 g - a +0 robe
 s - a +0 cloak (worn)
 u - the +3 ring mail "Ybbomierch" (worn) {Drain Int+8}
   (You found it on level 3 of the Dungeon)

   Int:       It affects your intelligence (+8).
   Drain:     It drains your maximum health when unequipped.
Jewellery
 q - a ring of protection from fire (left hand)
Scrolls
 d - a scroll of vulnerability {unknown}
 e - a scroll of brand weapon
 f - 2 scrolls of fear {unknown}
 i - a scroll of noise {unknown}
 m - a scroll of enchant armour {unknown}
 p - a scroll of blinking {unknown}
 r - a scroll of fog {unknown}
Potions
 h - 2 potions of curing
 j - a potion of attraction
 k - a potion of degeneration {unknown}
 l - a potion of cancellation {unknown}
 n - a potion of might {unknown}
 o - a potion of lignification {unknown}
 t - a potion of magic


   Skills:
 + Level 1.3 Fighting
 - Level 1.5 Dodging
 - Level 2.4 Stealth
 + Level 2.8 Spellcasting
 + Level 4.4 Summonings


You had one spell level left.
You knew the following spells:

 Your Spells              Type           Power      Damage    Failure   Level
a - Summon Small Mammal   Summ           92%        N/A       4%          1
b - Call Imp              Summ           23%        N/A       8%          2
c - Call Canine Familiar  Summ           23%        N/A       16%         3

Your spell library contained the following spells:

 Spells                   Type           Power      Damage    Failure   Level
 Slow                     Hex            12%        N/A       30%         1
 Summon Guardian Golem    Hex/Summ       13%        N/A       36%         3
 Confusing Touch          Hex            3%         N/A       67%         3
 Vampiric Draining        Necr           3%         2d6       67%         3
 Summon Lightning Spire   Summ/Air       13%        N/A       77%         4


Dungeon Overview and Level Annotations

Branches:
Dungeon (3/15)

Altars:

Annotations:
D:3 Grinder


Innate Abilities, Weirdness & Mutations

You have extremely sharp teeth.
When hurt, damage is shared between your health and your magic reserves.
Your bite disrupts and absorbs the magic of your enemies.
Potions cannot restore your health.


Message History

Grinder hits your white imp!
Your white imp dies!
Your white imp disappears in a puff of smoke!
Grinder hits you.
You writhe in agony.
You closely miss Grinder. Your bite misses Grinder.
Grinder hits you but does no damage.
You slash Grinder!
Your weapon exudes an aura of protection.
You bite Grinder.
Grinder's magic leaks into the air.
You drain her magic.
You feel invigorated.
Grinder is moderately wounded.
Grinder hits you but does no damage.
You barely miss Grinder.
Grinder is moderately wounded.
Grinder hits you.
You writhe in agony.
Grinder hits you but does no damage.
You hit Grinder. You bite Grinder, but do no damage.
Grinder is heavily wounded.
Grinder hits you but does no damage.
You hit Grinder.
Grinder is heavily wounded.
Grinder falters for a moment.
Grinder hits you but does no damage.
You slash Grinder! Your bite misses Grinder.
Grinder is severely wounded.
Grinder falters for a moment.
You completely miss Grinder. You bite Grinder, but do no damage.
Grinder is severely wounded.
Grinder falters for a moment.
You barely miss Grinder.
Grinder is severely wounded.
Grinder hits you but does no damage. Grinder misses you.
You barely miss Grinder.
Grinder is severely wounded.
Grinder gestures at you.
You suddenly lose the ability to move!
Grinder hits you!
* * * LOW HITPOINT WARNING * * *
You writhe in agony.
* * * LOW HITPOINT WARNING * * *
Grinder hits you.
You die...

...........#
#############.#.##
#.............#.#
#...............#
#.#############.#
#.# ### #.#
#.########
#..@5....#
#.######.# ....
###..# .... #.###
###


You could see Grinder (magic disrupted).

Vanquished Creatures
  2 dart slugs (D:3)
  3 bats
  2 endoplasms (D:2)
  2 giant cockroaches
  A hobgoblin (D:2)
  A jackal (D:1)
  A quokka (D:2)
  5 ball pythons
  2 frilled lizards
  4 goblins
  4 kobolds
  2 rats
29 creatures vanquished.

Vanquished Creatures (collateral kills)
  A hobgoblin (D:1)
  A jackal (D:1)
  A goblin (D:2)
3 creatures vanquished.

Grand Total: 32 creatures vanquished

Notes
Turn   | Place    | Note
-------+----------+-------------------------------------------
     0 | D:1      | DeathPants the Vine Stalker Summoner began the quest for
                  | the Orb.
     0 | D:1      | Reached XP level 1. HP: 9/9 MP: 4/4
   126 | D:2      | Reached XP level 2. HP: 14/14 MP: 4/6
   327 | D:1      | Learned a level 2 spell: Call Imp
   822 | D:2      | Reached skill level 1 in Fighting
  1022 | D:2      | Reached XP level 3. HP: 15/18 MP: 6/8
  1026 | D:2      | Learned a level 3 spell: Call Canine Familiar
  1468 | D:3      | Identified the +3 ring mail "Ybbomierch" {Drain Int+8}
  1501 | D:3      | Noticed Grinder
  1522 | D:3      | Paralysed by Grinder for 5 turns
  1524 | D:3      | Slain by Grinder

Illustrated notes

Levels and vault maps discovered:
D:1:      eino_arrival_cavern_e, layout_basic, hex_intersection
D:2:      layout_rooms, minmay_tripent
D:3:      layout_basic, chequers_serial_rivers_micro_c, kennysheep_boxes,
          uniq_grinder

Skill      XL: |  1  2 |
---------------+-------+-----
Fighting       | 1 |  1.3
Dodging        | |  1.5
Stealth        | |  2.4
Spellcasting   | |  2.8
Summonings     | |  4.4

Action                     || total
---------------------------++-------
  Melee: Whip              ||    12
         Bite              ||    17
         Dagger            ||    56
         Long sword        ||    23
   Cast: Summon Small Mamm ||     6
         Call Imp          ||     2
    Use: Scroll            ||     4
   Stab: Sleeping          ||     5
 Armour: Robe              ||    20
         Ring mail         ||     6
  Dodge: Dodged            ||    59

Table legend: (Time is in decaauts)
 A = Elapsed time spent in this place.
 B = Non-inter-level travel time spent in this place.
 C = Inter-level travel time spent in this place.
 D = Time resting spent in this place.
 E = Time spent auto-exploring this place.
 F = Levels seen in this place.
 G = Mean time per level.
                   A        B        C        D        E       F      G
               +--------+--------+--------+--------+--------+-----+--------+
         Total |   1534 |   1522 |     12 |      0 |   1026 |   3 |  511.3 |
       Dungeon |   1534 |   1522 |     12 |      0 |   1026 |   3 |  511.3 |
               +--------+--------+--------+--------+--------+-----+--------+

Top non-repeatable levels by time:
     D:1: 758 daAuts
     D:2: 553 daAuts
     D:3: 223 daAuts
